| TOP OF THE 1ST |
|
Northwest Arkansas Naturals batting - Pitching for Jackson Generals : RHP Tom Graham
|
|
Pitching: RHP Tom Graham
|
|
|
Batting: SHB Jarrod Lindblad
|
0-0: Called Strike 0-1: Ball 1-1: Called Strike 1-2: Ball 2-2: Ball 3-2: Foul Ball, location: 2F 3-2: Base on Balls
|
|
Batting: RHB Gavin Jones
|
0-0: Ball 1-0: Foul Ball, location: 2F 1-1: Ball 2-1: Called Strike 2-2: Strikes out swinging
|
|
Batting: RHB Walt Cogswell
|
0-0: Ball 1-0: Ball 2-0: Ball 3-0: Base on Balls Jarrod Lindblad to second
|
|
Batting: RHB Danny Loyola
|
0-0: Ball 1-0: Ball 2-0: Foul Ball, location: 2F 2-1: Foul Ball, location: 2F 2-2: Ball 3-2: Strikes out looking
|
|
Batting: RHB Marco Diaz
|
0-0: Fielders Choice at 2nd, 5-4 (Groundball, 5, EV 108.8 MPH)
|
| Top of the 1st over - 0 runs, 0 hits, 0 errors, 2 left on base; Northwest Arkansas 0 - Jackson 0 |
| BOTTOM OF THE 1ST |
|
Jackson Generals batting - Pitching for Northwest Arkansas Naturals : RHP Andrew Tipton
|
|
Pitching: RHP Andrew Tipton
|
|
|
Batting: RHB Malik Brookshire
|
0-0: Ball 1-0: Ground out 5-3 (Groundball, 56S, EV 81.3 MPH)
|
|
Batting: LHB Ignacio Bernal
|
0-0: Ball 1-0: Foul Ball, location: 2F 1-1: Ball 2-1: Fly out, F8 (Flyball, 8LM, EV 86.9 MPH)
|
|
Batting: LHB Jerrod Cluck
|
0-0: Ball 1-0: Ball 2-0: Called Strike 2-1: Foul Ball, location: 2F 2-2: SOLO HOME RUN (Flyball, 89XD, EV 115.6 MPH), Distance : 474 ft
|
|
Batting: LHB Cliff Thomas
|
0-0: Ball 1-0: Ball 2-0: Ground out U3 (Groundball, 3, EV 82.5 MPH)
|
| Bottom of the 1st over - 1 run, 1 hit, 0 errors, 0 left on base; Northwest Arkansas 0 - Jackson 1 |
| TOP OF THE 2ND |
|
Northwest Arkansas Naturals batting - Pitching for Jackson Generals : RHP Tom Graham
|
|
Batting: RHB Javier Solis
|
0-0: Called Strike 0-1: Ball 1-1: Ball 2-1: SINGLE (Line Drive, 6D, EV 103.8 MPH)
|
|
Batting: LHB Robert Wilkins
|
0-0: Ball 1-0: Fly out, F7 (Line Drive, 78M, EV 95.0 MPH)
|
|
Batting: RHB Tomas Raya
|
0-0: Swinging Strike 0-1: Swinging Strike 0-2: Strikes out looking
|
|
Batting: RHB Egidius Kruger
|
0-0: Ball 1-0: Ball 2-0: Fly out, F8 (Flyball, 8RD, EV 96.9 MPH)
|
| Top of the 2nd over - 0 runs, 1 hit, 0 errors, 1 left on base; Northwest Arkansas 0 - Jackson 1 |
| BOTTOM OF THE 2ND |
|
Jackson Generals batting - Pitching for Northwest Arkansas Naturals : RHP Andrew Tipton
|
|
Batting: RHB Tony Vargas
|
0-0: Swinging Strike 0-1: Ball 1-1: Ball 2-1: Foul Ball, location: 2F 2-2: DOUBLE (Line Drive, 89D, EV 104.4 MPH)
|
|
Batting: LHB Tom Reynolds
|
0-0: Ball 1-0: Called Strike Tony Vargas steals 3rd base 1-1: Ground out U3 (Groundball, 34, EV 107.5 MPH) Tony Vargas scores
|
|
Batting: RHB Harutomi Matsubara
|
0-0: Called Strike 0-1: Called Strike 0-2: Ball 1-2: Ball 2-2: Foul Ball, location: 2F 2-2: Foul Ball, location: 2F 2-2: Ball 3-2: Ground out 6-3 (Groundball, 6, EV 79.4 MPH)
|
|
Batting: LHB Dwain Ashford
|
0-0: Called Strike 0-1: Ball 1-1: Hit by Pitch
|
|
Batting: RHB Brad Robidas
|
0-0: Ball 1-0: Swinging Strike 1-1: Called Strike 1-2: Strikes out swinging
|
| Bottom of the 2nd over - 1 run, 1 hit, 0 errors, 1 left on base; Northwest Arkansas 0 - Jackson 2 |
| TOP OF THE 3RD |
|
Northwest Arkansas Naturals batting - Pitching for Jackson Generals : RHP Tom Graham
|
|
Batting: SHB Jarrod Lindblad
|
0-0: Called Strike 0-1: Ball 1-1: Ball 2-1: Fly out, F9 (Flyball, 9LS, EV 88.8 MPH)
|
|
Batting: RHB Gavin Jones
|
0-0: Called Strike 0-1: Fly out, F9 (Flyball, 9LD, EV 102.5 MPH)
|
|
Batting: RHB Walt Cogswell
|
0-0: Called Strike 0-1: Ball 1-1: Ball 2-1: Foul Ball, location: 2F 2-2: Ball 3-2: Foul Ball, location: 2F 3-2: Base on Balls
|
|
Batting: RHB Danny Loyola
|
0-0: Ball 1-0: Ball Walt Cogswell steals 2nd base 2-0: Called Strike 2-1: Ball 3-1: Fly out, F9 (Flyball, 9LM, EV 84.4 MPH)
|
| Top of the 3rd over - 0 runs, 0 hits, 0 errors, 1 left on base; Northwest Arkansas 0 - Jackson 2 |
| BOTTOM OF THE 3RD |
|
Jackson Generals batting - Pitching for Northwest Arkansas Naturals : RHP Andrew Tipton
|
|
Pitching: RHP Vinny Reveles
|
|
|
Batting: RHB Malik Brookshire
|
0-0: Called Strike 0-1: TRIPLE (Flyball, 89XD, EV 96.9 MPH)
|
|
Batting: LHB Ignacio Bernal
|
0-0: Ball 1-0: Called Strike 1-1: Fly out, F8 (Flyball, 8LD, EV 92.5 MPH)
|
|
Batting: LHB Jerrod Cluck
|
0-0: Called Strike 0-1: Called Strike 0-2: Strikes out swinging
|
|
Batting: LHB Cliff Thomas
|
0-0: Called Strike 0-1: Foul Ball, location: 2F 0-2: Fly out, F9 (Flyball, 9LM, EV 92.5 MPH)
|
| Bottom of the 3rd over - 0 runs, 1 hit, 0 errors, 1 left on base; Northwest Arkansas 0 - Jackson 2 |
| TOP OF THE 4TH |
|
Northwest Arkansas Naturals batting - Pitching for Jackson Generals : RHP Tom Graham
|
|
Batting: RHB Marco Diaz
|
0-0: Foul Ball, location: 2F 0-1: Ball 1-1: SOLO HOME RUN (Flyball, 78XD, EV 115.6 MPH), Distance : 432 ft
|
|
Batting: RHB Javier Solis
|
0-0: Swinging Strike 0-1: SINGLE (Groundball, 4MD, EV 100.0 MPH)
|
|
Batting: LHB Robert Wilkins
|
0-0: Called Strike 0-1: Swinging Strike 0-2: Foul Ball, location: 2F 0-2: Strikes out swinging
|
|
Batting: RHB Tomas Raya
|
0-0: Foul Ball, location: 2F 0-1: Foul Ball, location: 2F 0-2: Ball 1-2: Strikes out swinging
|
|
Batting: RHB Egidius Kruger
|
0-0: Ball 1-0: Ball Passed Ball! Javier Solis to second 2-0: Foul Ball, location: 2F 2-1: Foul Ball, location: 2F 2-2: Strikes out swinging
|
| Top of the 4th over - 1 run, 2 hits, 0 errors, 1 left on base; Northwest Arkansas 1 - Jackson 2 |
| BOTTOM OF THE 4TH |
|
Jackson Generals batting - Pitching for Northwest Arkansas Naturals : RHP Vinny Reveles
|
|
Batting: RHB Tony Vargas
|
0-0: Ball 1-0: Swinging Strike 1-1: Foul Ball, location: 2F 1-2: Strikes out swinging
|
|
Batting: LHB Tom Reynolds
|
0-0: Ball 1-0: Foul Ball, location: 2F 1-1: Called Strike 1-2: Ball 2-2: Fly out, F8 (Flyball, 8LS, EV 92.5 MPH)
|
|
Batting: RHB Harutomi Matsubara
|
0-0: Ball 1-0: Foul Ball, location: 2F 1-1: Ball 2-1: Ball 3-1: Swinging Strike 3-2: Base on Balls
|
|
Batting: LHB Dwain Ashford
|
0-0: Ball Harutomi Matsubara steals 2nd base 1-0: Foul Ball, location: 2F 1-1: Ground out 6-3 (Groundball, 4MD, EV 86.9 MPH)
|
| Bottom of the 4th over - 0 runs, 0 hits, 0 errors, 1 left on base; Northwest Arkansas 1 - Jackson 2 |
| TOP OF THE 5TH |
|
Northwest Arkansas Naturals batting - Pitching for Jackson Generals : RHP Tom Graham
|
|
Pitching: RHP Tyler Rayner
|
|
|
Batting: SHB Jarrod Lindblad
|
0-0: Foul Ball, location: 2F 0-1: Foul Ball, location: 2F 0-2: Foul Ball, location: 2F 0-2: Fly out, F8 (Flyball, 8LS, EV 96.3 MPH)
|
|
Batting: RHB Gavin Jones
|
0-0: Called Strike 0-1: Fly out, F9 (Flyball, 9S, EV 89.4 MPH)
|
|
Batting: RHB Walt Cogswell
|
0-0: Called Strike 0-1: Ball 1-1: Ball 2-1: Ground out 4-3 (Groundball, 4, EV 85.6 MPH)
|
| Top of the 5th over - 0 runs, 0 hits, 0 errors, 0 left on base; Northwest Arkansas 1 - Jackson 2 |
| BOTTOM OF THE 5TH |
|
Jackson Generals batting - Pitching for Northwest Arkansas Naturals : RHP Vinny Reveles
|
|
Batting: RHB Brad Robidas
|
0-0: Ball 1-0: SINGLE (Groundball, 56, EV 96.3 MPH)
|
|
Batting: RHB Malik Brookshire
|
0-0: Swinging Strike 0-1: Foul Ball, location: 2F 0-2: Fielders Choice at 2nd, 1-4 (Groundball, P, EV 63.8 MPH)
|
|
Batting: LHB Ignacio Bernal
|
0-0: Called Strike 0-1: Fielders Choice at 2nd, 4-6 (Groundball, 34, EV 88.8 MPH)
|
|
Batting: LHB Jerrod Cluck
|
0-0: Called Strike Ignacio Bernal steals 2nd base 0-1: Ball 1-1: Foul Ball, location: 2F 1-2: Ball 2-2: Foul Ball, location: 2F 2-2: Ball 3-2: Strikes out swinging
|
| Bottom of the 5th over - 0 runs, 1 hit, 0 errors, 1 left on base; Northwest Arkansas 1 - Jackson 2 |
| TOP OF THE 6TH |
|
Northwest Arkansas Naturals batting - Pitching for Jackson Generals : RHP Tyler Rayner
|
|
Batting: RHB Danny Loyola
|
0-0: Swinging Strike 0-1: Foul Ball, location: 2F 0-2: Fly out, F7 (Flyball, 78M, EV 95.6 MPH)
|
|
Batting: RHB Marco Diaz
|
0-0: Ball 1-0: Fly out, F7 (Flyball, 7LM, EV 88.8 MPH)
|
|
Batting: RHB Javier Solis
|
0-0: Foul Ball, location: 2F 0-1: Ball 1-1: Called Strike 1-2: Foul Ball, location: 2F 1-2: Ball 2-2: Foul Ball, location: 2F 2-2: Foul Ball, location: 2F 2-2: Ball 3-2: Base on Balls
|
|
Pitching: LHP Matt Purke Jr.
|
|
|
Batting: LHB Robert Wilkins
|
0-0: Called Strike 0-1: Ball 1-1: Swinging Strike 1-2: Foul Ball, location: 2F 1-2: Ball Wild Pitch! Javier Solis to second 2-2: Foul Ball, location: 2F 2-2: DOUBLE (Groundball, 5L, EV 111.9 MPH) Javier Solis scores
|
|
Batting: RHB Tomas Raya
|
0-0: Called Strike 0-1: Fly out, F3 (Flyball, 3D, EV 93.8 MPH)
|
| Top of the 6th over - 1 run, 1 hit, 0 errors, 1 left on base; Northwest Arkansas 2 - Jackson 2 |
| BOTTOM OF THE 6TH |
|
Jackson Generals batting - Pitching for Northwest Arkansas Naturals : RHP Vinny Reveles
|
|
Pitching: RHP Arturo Rojas
|
|
|
Batting: LHB Cliff Thomas
|
0-0: Swinging Strike 0-1: Ball 1-1: Called Strike 1-2: Strikes out swinging
|
|
Batting: RHB Tony Vargas
|
0-0: Ball 1-0: Ball 2-0: Called Strike 2-1: Ball 3-1: Ground out 4-3 (Groundball, 4S, EV 83.8 MPH)
|
|
Batting: LHB Tom Reynolds
|
0-0: Ball 1-0: Ball 2-0: Called Strike 2-1: Foul Ball, location: 2F 2-2: SINGLE (Groundball, 34D, EV 105.6 MPH)
|
|
Batting: RHB Harutomi Matsubara
|
0-0: Swinging Strike 0-1: DOUBLE (Line Drive, 8RXD, EV 100.6 MPH) Tom Reynolds to third
|
|
Batting: LHB Dwain Ashford
|
0-0: Foul Ball, location: 2F 0-1: Ball 1-1: SINGLE (Flyball, 8LS, EV 98.1 MPH) - OUT at second base trying to stretch hit. Tom Reynolds scores Harutomi Matsubara scores
|
| Bottom of the 6th over - 2 runs, 3 hits, 0 errors, 0 left on base; Northwest Arkansas 2 - Jackson 4 |
| TOP OF THE 7TH |
|
Northwest Arkansas Naturals batting - Pitching for Jackson Generals : LHP Matt Purke Jr.
|
|
Batting: RHB Egidius Kruger
|
0-0: Ground out 2-3 (Groundball, 2L, EV 63.8 MPH)
|
|
Batting: SHB Jarrod Lindblad
|
0-0: Called Strike 0-1: SINGLE (Groundball, 5L, EV 110.6 MPH) (infield hit)
|
|
Batting: RHB Gavin Jones
|
0-0: Fielders Choice at 2nd, 5-4 (Groundball, 56, EV 89.4 MPH)
|
|
Batting: RHB Walt Cogswell
|
0-0: Foul Ball, location: 2F 0-1: Ball 1-1: Ball 2-1: Foul Ball, location: 2F 2-2: Foul Ball, location: 2F 2-2: Foul Ball, location: 2F 2-2: Ball 3-2: Foul Ball, location: 2F 3-2: SINGLE (Line Drive, 4D, EV 95.6 MPH) Gavin Jones to second Gavin Jones to third
|
|
Batting: RHB Danny Loyola
|
0-0: SINGLE (Groundball, 56, EV 95.6 MPH) (infield hit) Gavin Jones scores Walt Cogswell to second
|
|
Batting: RHB Marco Diaz
|
0-0: Ball 1-0: Ball 2-0: Called Strike 2-1: Foul Ball, location: 2F 2-2: Ball 3-2: SINGLE (Groundball, 6MD, EV 108.1 MPH) Walt Cogswell to third Danny Loyola to second Walt Cogswell scores Danny Loyola to third
|
|
Batting: RHB Javier Solis
|
0-0: Foul Ball, location: 2F 0-1: Foul Ball, location: 2F 0-2: Strikes out swinging
|
| Top of the 7th over - 2 runs, 4 hits, 0 errors, 2 left on base; Northwest Arkansas 4 - Jackson 4 |
| BOTTOM OF THE 7TH |
|
Jackson Generals batting - Pitching for Northwest Arkansas Naturals : RHP Arturo Rojas
|
|
Batting: RHB Brad Robidas
|
0-0: Ground out 5-3 (Groundball, 56, EV 91.3 MPH)
|
|
Batting: RHB Malik Brookshire
|
0-0: Reached on error, E5 (Groundball, 56S, EV 90.0 MPH)
|
|
Batting: LHB Ignacio Bernal
|
0-0: Called Strike 0-1: Ball 1-1: Foul Ball, location: 2F 1-2: Strikes out looking
|
|
Batting: LHB Jerrod Cluck
|
0-0: Ball 1-0: Ball 2-0: Fielders Choice at 2nd, U4 (Groundball, 4M, EV 84.4 MPH)
|
| Bottom of the 7th over - 0 runs, 0 hits, 1 error, 1 left on base; Northwest Arkansas 4 - Jackson 4 |
| TOP OF THE 8TH |
|
Northwest Arkansas Naturals batting - Pitching for Jackson Generals : LHP Matt Purke Jr.
|
|
Batting: LHB Robert Wilkins
|
0-0: Ball 1-0: Ground out 5-3 (Groundball, 56S, EV 71.9 MPH)
|
|
Batting: RHB Tomas Raya
|
0-0: Foul Ball, location: 2F 0-1: Ball 1-1: SINGLE (Groundball, 56D, EV 105.0 MPH)
|
|
Batting: RHB Egidius Kruger
|
0-0: Called Strike 0-1: Foul Ball, location: 2F 0-2: Strikes out swinging
|
|
Batting: SHB Jarrod Lindblad
|
0-0: Ball 1-0: Foul Ball, location: 2F 1-1: Swinging Strike 1-2: Ball 2-2: Foul Ball, location: 2F 2-2: Strikes out swinging
|
| Top of the 8th over - 0 runs, 1 hit, 0 errors, 1 left on base; Northwest Arkansas 4 - Jackson 4 |
| BOTTOM OF THE 8TH |
|
Jackson Generals batting - Pitching for Northwest Arkansas Naturals : RHP Arturo Rojas
|
|
Pitching: RHP Jarred Young
|
|
|
Batting: LHB Cliff Thomas
|
0-0: Called Strike 0-1: Ball 1-1: Hit by Pitch
|
|
Pinch Runner at 1st Sean Peake:
|
|
|
Batting: RHB Tony Vargas
|
0-0: Foul Ball, location: 2F 0-1: Called Strike 0-2: Ball 1-2: SINGLE (Groundball, 4MD, EV 108.8 MPH) Sean Peake to second Runner from 2nd tries for 3rd, SAFE, throw by CF made to third
|
|
Batting: LHB Tom Reynolds
|
0-0: Ball 1-0: Foul Ball, location: 2F 1-1: Called Strike 1-2: 3-RUN HOME RUN (Flyball, 89XD, EV 116.3 MPH), Distance : 437 ft
|
|
Batting: RHB Harutomi Matsubara
|
0-0: Fly out, F9 (Flyball, 9S, EV 86.3 MPH)
|
|
Pitching: RHP Paul Corcoran
|
|
|
Batting: LHB Dwain Ashford
|
0-0: Called Strike 0-1: Ball 1-1: SINGLE (Groundball, 4D, EV 101.3 MPH)
|
|
Batting: RHB Brad Robidas
|
0-0: Ball 1-0: Ball 2-0: Ball 3-0: Called Strike 3-1: Swinging Strike 3-2: Foul Ball, location: 2F 3-2: DOUBLE (Line Drive, 8LXD, EV 102.5 MPH) Dwain Ashford to third Runner from 3rd tries for Home, SAFE, throw by CF to home
|
|
Batting: RHB Malik Brookshire
|
0-0: Ball 1-0: Ball 2-0: SINGLE (Groundball, 6MS, EV 66.3 MPH) (infield hit) Brad Robidas to third
|
|
Batting: LHB Ignacio Bernal
|
0-0: Ball 1-0: Ball Malik Brookshire steals 2nd base (no throw) 2-0: Called Strike 2-1: Called Strike 2-2: Foul Ball, location: 2F 2-2: Ball 3-2: Ground out U3 (Groundball, 13, EV 83.1 MPH) Brad Robidas scores Malik Brookshire to third
|
|
Batting: LHB Jerrod Cluck
|
0-0: Ball 1-0: Foul Ball, location: 2F 1-1: Called Strike 1-2: Ball 2-2: Ball 3-2: Base on Balls
|
|
Batting: RHB Sean Peake
|
0-0: Ball Jerrod Cluck steals 2nd base (no throw) 1-0: Ball 2-0: Called Strike 2-1: Foul Ball, location: 2F 2-2: Foul Ball, location: 2F 2-2: Ball 3-2: Foul Ball, location: 2F 3-2: Ground out 4-3 (Groundball, 4, EV 77.5 MPH)
|
| Bottom of the 8th over - 5 runs, 5 hits, 0 errors, 2 left on base; Northwest Arkansas 4 - Jackson 9 |
| TOP OF THE 9TH |
|
Northwest Arkansas Naturals batting - Pitching for Jackson Generals : LHP Matt Purke Jr.
|
|
Now in RF: Micah Roth
|
|
|
Batting: RHB Gavin Jones
|
0-0: Called Strike 0-1: Ball 1-1: Called Strike 1-2: Reached on error, E3 (Groundball, 3, EV 90.6 MPH)
|
|
Pitching: RHP Tony Holley
|
|
|
Batting: RHB Walt Cogswell
|
0-0: Called Strike 0-1: Ball 1-1: Ball 2-1: Ball 3-1: SINGLE (Line Drive, 7S, EV 106.9 MPH) Gavin Jones to second
|
|
Batting: RHB Danny Loyola
|
0-0: Ball 1-0: Ball 2-0: Ball 3-0: Base on Balls Gavin Jones to third Walt Cogswell to second
|
|
Batting: RHB Marco Diaz
|
0-0: Ball 1-0: Fly out, F9 (Flyball, 9, EV 79.4 MPH)
|
|
Batting: RHB Javier Solis
|
0-0: Foul Ball, location: 2F 0-1: Foul Ball, location: 2F 0-2: Ball 1-2: Ball 2-2: Strikes out swinging
|
|
Batting: LHB Robert Wilkins
|
0-0: Called Strike 0-1: Ball 1-1: Foul Ball, location: 2F 1-2: Strikes out looking
|
| Top of the 9th over - 0 runs, 1 hit, 1 error, 3 left on base; Northwest Arkansas 4 - Jackson 9 |
|